NYP
STATE COLLEGE SPIKES @ LOS ANGELES (NYP) DODGERS
09/16/2049
 
TOP OF THE 1ST
State College Spikes batting - Pitching for Los Angeles (NYP) Dodgers : LHP Israel Cerna
Pitching: LHP Israel Cerna
Batting: RHB Ben Politi 0-0: Ball
1-0: Swinging Strike
1-1: Ball
2-1: Ground out 5-3 (Groundball, 56S, EV 71.9 MPH)
Batting: RHB Mario Carbajal 0-0: Fly out, F8 (Flyball, 8LS, EV 91.2 MPH)
Batting: RHB Juan Carrillo 0-0: Foul Ball, location: 2F
0-1: Foul Ball, location: 2F
0-2: Ball
1-2: Ball
2-2: Ball
3-2: Base on Balls
Batting: RHB Nelson Salamanca 0-0: Ball
Juan Carrillo steals 2nd base
1-0: Called Strike
1-1: Ball
2-1: Foul Ball, location: 2F
2-2: Strikes out swinging
Top of the 1st over - 0 runs, 0 hits, 0 errors, 1 left on base; State College 0 - Los Angeles (NYP) 0
BOTTOM OF THE 1ST
Los Angeles (NYP) Dodgers batting - Pitching for State College Spikes : LHP Harry Osborne
Pitching: LHP Harry Osborne
Batting: SHB Erick Hamburger 0-0: Called Strike
0-1: Ball
1-1: Foul Ball, location: 2F
1-2: Ground out 1-3 (Groundball, 13S, EV 66.2 MPH)
Batting: RHB John Clark 0-0: Ball
1-0: Ground out 5-3 (Groundball, 56, EV 87.5 MPH)
Batting: RHB Jose Corral 0-0: Called Strike
0-1: Ball
1-1: Ball
2-1: Swinging Strike
2-2: Ground out 6-3 (Groundball, 6, EV 86.9 MPH)
Bottom of the 1st over - 0 runs, 0 hits, 0 errors, 0 left on base; State College 0 - Los Angeles (NYP) 0
TOP OF THE 2ND
State College Spikes batting - Pitching for Los Angeles (NYP) Dodgers : LHP Israel Cerna
Batting: LHB Ken Morehead 0-0: Ball
1-0: Ball
2-0: Called Strike
2-1: Ball
3-1: Base on Balls
Batting: RHB Shou-feng Chang 0-0: Ball
1-0: Called Strike
1-1: Ball
2-1: Ball
3-1: Base on Balls
Ken Morehead to second
Batting: RHB Sal Guzman 0-0: Fly out, F7 (Flyball, 7, EV 83.1 MPH)
Batting: RHB Edgar Klockow 0-0: Reached on error, E6 (Groundball, 6, EV 86.2 MPH)
Ken Morehead to third
Shou-feng Chang to second
Batting: RHB John James 0-0: Called Strike
0-1: Ball
1-1: Fly out, F7 (Flyball, 7D, EV 86.9 MPH)
Runner from 3rd tags up, SCORES, throw by LF
Batting: RHB Ben Politi 0-0: SINGLE (Line Drive, 4MD, EV 103.1 MPH)
Shou-feng Chang to third
Edgar Klockow to second
Batting: RHB Mario Carbajal 0-0: Fielders Choice at 2nd, 5-4 (Groundball, 56, EV 77.5 MPH)
Top of the 2nd over - 1 run, 1 hit, 1 error, 3 left on base; State College 1 - Los Angeles (NYP) 0
BOTTOM OF THE 2ND
Los Angeles (NYP) Dodgers batting - Pitching for State College Spikes : LHP Harry Osborne
Batting: SHB Marcos Cortez 0-0: Called Strike
0-1: Swinging Strike
0-2: Strikes out swinging
Batting: RHB Zach Slot 0-0: Foul Ball, location: 2F
0-1: Called Strike
0-2: Ball
1-2: Fly out, F9 (Line Drive, 9, EV 93.1 MPH)
Batting: RHB Edward Hillock 0-0: Ball
1-0: Foul Ball, location: 2F
1-1: Foul Ball, location: 2F
1-2: Strikes out swinging
Bottom of the 2nd over - 0 runs, 0 hits, 0 errors, 0 left on base; State College 1 - Los Angeles (NYP) 0
TOP OF THE 3RD
State College Spikes batting - Pitching for Los Angeles (NYP) Dodgers : LHP Israel Cerna
Batting: RHB Juan Carrillo 0-0: Ball
1-0: Ball
2-0: Ball
3-0: Called Strike
3-1: Reached on error, E6 (Groundball, 6, EV 78.8 MPH)
Batting: RHB Nelson Salamanca 0-0: Called Strike
0-1: Ball
1-1: Foul Ball, location: 2F
1-2: Ball
2-2: Foul Ball, location: 2F
2-2: Ball
3-2: Base on Balls
Juan Carrillo to second
Batting: LHB Ken Morehead 0-0: Ball
1-0: Ball
2-0: Ball
3-0: Called Strike
3-1: Called Strike
3-2: Foul Ball, location: 2F
3-2: Foul Ball, location: 2F
3-2: Fly out, F9 (Flyball, 9LD, EV 92.5 MPH)
Runner from 2nd tags up, SAFE at 3rd, no throw by RF
Batting: RHB Shou-feng Chang 0-0: Called Strike
0-1: Ball
1-1: Foul Ball, location: 2F
Pickoff Throw to First - Out! 1-3
1-2: Fly out, F9 (Flyball, 9LM, EV 100.6 MPH)
Top of the 3rd over - 0 runs, 0 hits, 1 error, 1 left on base; State College 1 - Los Angeles (NYP) 0
BOTTOM OF THE 3RD
Los Angeles (NYP) Dodgers batting - Pitching for State College Spikes : LHP Harry Osborne
Batting: RHB Cory Bonham 0-0: Swinging Strike
0-1: Ground out U3 (Groundball, 34S, EV 90.6 MPH)
Batting: RHB Geoff Musico 0-0: TRIPLE (Flyball, 89XD, EV 93.8 MPH)
Batting: RHB Yok-sing Zhào 0-0: Ball
1-0: Ball
Passed Ball!
Geoff Musico scores
2-0: Called Strike
2-1: Foul Ball, location: 2F
2-2: Foul Ball, location: 2F
2-2: Strikes out swinging
Batting: SHB Erick Hamburger 0-0: Ball
1-0: Swinging Strike
1-1: Called Strike
1-2: Foul Ball, location: 2F
1-2: Foul Ball, location: 2F
1-2: Strikes out looking
Bottom of the 3rd over - 1 run, 1 hit, 0 errors, 0 left on base; State College 1 - Los Angeles (NYP) 1
TOP OF THE 4TH
State College Spikes batting - Pitching for Los Angeles (NYP) Dodgers : LHP Israel Cerna
Batting: RHB Sal Guzman 0-0: Called Strike
0-1: Foul Ball, location: 2F
0-2: Foul Ball, location: 2F
0-2: Foul Ball, location: 2F
0-2: Foul Ball, location: 2F
0-2: Hit by Pitch
Batting: RHB Edgar Klockow 0-0: Ball
1-0: Ball
2-0: Foul Ball, location: 2F
2-1: Called Strike
2-2: Foul Ball, location: 2F
2-2: Strikes out swinging
Batting: RHB John James 0-0: Called Strike
0-1: Ball
1-1: Fielders Choice at 2nd, 5-4 (Groundball, 5, EV 80.0 MPH)
Batting: RHB Ben Politi 0-0: Foul Ball, location: 2F
0-1: Fly out, F9 (Line Drive, 9, EV 95.6 MPH)
Top of the 4th over - 0 runs, 0 hits, 0 errors, 1 left on base; State College 1 - Los Angeles (NYP) 1
BOTTOM OF THE 4TH
Los Angeles (NYP) Dodgers batting - Pitching for State College Spikes : LHP Harry Osborne
Batting: RHB John Clark 0-0: Foul Ball, location: 2F
0-1: SINGLE (Line Drive, 89S, EV 95.0 MPH)
Batting: RHB Jose Corral 0-0: Ball
John Clark steals 2nd, throwing error, E2
John Clark to third
1-0: Ball
2-0: SINGLE (Line Drive, 6MD, EV 110.6 MPH)
John Clark scores
Batting: SHB Marcos Cortez 0-0: Ball
1-0: Ball
2-0: Called Strike
2-1: Swinging Strike
2-2: Strikes out swinging
Batting: RHB Zach Slot 0-0: Called Strike
0-1: Foul Ball, location: 2F
0-2: Strikes out swinging
Batting: RHB Edward Hillock 0-0: Called Strike
0-1: Ball
1-1: Swinging Strike
1-2: Ball
2-2: Ball
3-2: Foul Ball, location: 2F
3-2: SINGLE (Flyball, 4MD, EV 88.1 MPH)
Jose Corral to second
Jose Corral to third
Batting: RHB Cory Bonham 0-0: Called Strike
0-1: Foul Ball, location: 2F
0-2: Strikes out swinging
Bottom of the 4th over - 1 run, 3 hits, 1 error, 2 left on base; State College 1 - Los Angeles (NYP) 2
TOP OF THE 5TH
State College Spikes batting - Pitching for Los Angeles (NYP) Dodgers : LHP Israel Cerna
Batting: RHB Mario Carbajal 0-0: Ground out 4-3 (Groundball, 4, EV 94.4 MPH)
Batting: RHB Juan Carrillo 0-0: Foul Ball, location: 2F
0-1: Ball
1-1: Fly out, F6 (Popup, P, EV 87.5 MPH)
Batting: RHB Nelson Salamanca 0-0: Ball
1-0: Called Strike
1-1: Ground out 5-3 (Groundball, 56, EV 85.6 MPH)
Top of the 5th over - 0 runs, 0 hits, 0 errors, 0 left on base; State College 1 - Los Angeles (NYP) 2
BOTTOM OF THE 5TH
Los Angeles (NYP) Dodgers batting - Pitching for State College Spikes : LHP Harry Osborne
Batting: RHB Geoff Musico 0-0: Ball
1-0: Foul Ball, location: 2F
1-1: Ball
2-1: Swinging Strike
2-2: Ball
3-2: Base on Balls
Batting: RHB Yok-sing Zhào 0-0: Ball
1-0: Foul Ball, location: 2F
1-1: Swinging Strike
1-2: Foul Ball, location: 2F
1-2: Ball
2-2: Strikes out looking
Batting: SHB Erick Hamburger Pickoff Throw to First - Out! 1-3
0-0: Ball
1-0: Called Strike
1-1: Ball
2-1: TRIPLE (Flyball, 78XD, EV 102.5 MPH)
Batting: RHB John Clark 0-0: Called Strike
0-1: Foul Ball, location: 2F
0-2: Ball
1-2: Ball
2-2: Fly out, F7 (Flyball, 7S, EV 90.6 MPH)
Bottom of the 5th over - 0 runs, 1 hit, 0 errors, 1 left on base; State College 1 - Los Angeles (NYP) 2
TOP OF THE 6TH
State College Spikes batting - Pitching for Los Angeles (NYP) Dodgers : LHP Israel Cerna
Batting: LHB Ken Morehead 0-0: Ball
1-0: Ball
2-0: Called Strike
2-1: Ball
3-1: Base on Balls
Batting: RHB Shou-feng Chang 0-0: SINGLE (Line Drive, 8LS, EV 108.8 MPH)
Ken Morehead to second
Batting: RHB Sal Guzman 0-0: Ball
1-0: DOUBLE (Groundball, 3L, EV 103.1 MPH)
Ken Morehead scores
Shou-feng Chang to third
Batting: RHB Edgar Klockow 0-0: Intentional Walk
Batting: RHB John James 0-0: Called Strike
0-1: Grounds into fielders choice 5-2 (Groundball, 5, EV 86.9 MPH)
Sal Guzman to third
Edgar Klockow to second
Batting: RHB Ben Politi 0-0: Ball
1-0: Ball
2-0: Ball
3-0: Base on Balls
Sal Guzman scores
Edgar Klockow to third
John James to second
Batting: RHB Mario Carbajal 0-0: Called Strike
0-1: Ball
1-1: Ball
2-1: Foul Ball, location: 2F
2-2: Foul Ball, location: 2F
2-2: Fly out, F8 (Flyball, 8RXD, EV 97.5 MPH)
Runner from 3rd tags up, SCORES, no throw by CF
Pitching: RHP Jeremy Pollom
Batting: RHB Juan Carrillo 0-0: Foul Ball, location: 2F
0-1: DOUBLE (Groundball, 5L, EV 95.0 MPH)
John James scores
Ben Politi to third
Batting: RHB Nelson Salamanca 0-0: Ball
1-0: Called Strike
1-1: Called Strike
1-2: Ball
2-2: Ground out 6-3 (Groundball, 6, EV 85.6 MPH)
Top of the 6th over - 4 runs, 3 hits, 0 errors, 2 left on base; State College 5 - Los Angeles (NYP) 2
BOTTOM OF THE 6TH
Los Angeles (NYP) Dodgers batting - Pitching for State College Spikes : LHP Harry Osborne
Batting: RHB Jose Corral 0-0: Ground out 6-3 (Groundball, 6, EV 102.5 MPH)
Batting: SHB Marcos Cortez 0-0: Called Strike
0-1: Foul Ball, location: 2F
0-2: Ball
1-2: Ball
2-2: Ball
3-2: Strikes out looking
Batting: RHB Zach Slot 0-0: Ball
1-0: Swinging Strike
1-1: Called Strike
1-2: Foul Ball, location: 2F
1-2: Strikes out swinging
Bottom of the 6th over - 0 runs, 0 hits, 0 errors, 0 left on base; State College 5 - Los Angeles (NYP) 2
TOP OF THE 7TH
State College Spikes batting - Pitching for Los Angeles (NYP) Dodgers : RHP Jeremy Pollom
Batting: LHB Ken Morehead 0-0: Called Strike
0-1: Swinging Strike
0-2: Strikes out swinging
Batting: RHB Shou-feng Chang 0-0: Ball
1-0: Ground out 5-3 (Groundball, 56, EV 83.8 MPH)
Batting: RHB Sal Guzman 0-0: Ball
1-0: Ball
2-0: Ball
3-0: Foul Ball, location: 2F
3-1: Base on Balls
Batting: RHB Edgar Klockow 0-0: Ball
1-0: Ball
Sal Guzman is caught stealing 2nd base 2-4
Top of the 7th over - 0 runs, 0 hits, 0 errors, 0 left on base; State College 5 - Los Angeles (NYP) 2
BOTTOM OF THE 7TH
Los Angeles (NYP) Dodgers batting - Pitching for State College Spikes : LHP Harry Osborne
Batting: RHB Edward Hillock 0-0: Ball
1-0: Foul Ball, location: 2F
1-1: Swinging Strike
1-2: Hit by Pitch
Batting: RHB Cory Bonham 0-0: Foul Ball, location: 2F
0-1: Called Strike
0-2: Ball
Passed Ball!
Edward Hillock to second
1-2: Ground out U3 (Groundball, 34, EV 91.2 MPH)
Edward Hillock to third
Batting: RHB Geoff Musico 0-0: Called Strike
0-1: Ball
1-1: Ground out 6-3 (Groundball, 6, EV 94.4 MPH)
Edward Hillock scores
Pinch Hitting: SHB Dave Reynoso 0-0: Ball
1-0: Ball
2-0: Called Strike
2-1: DOUBLE (Groundball, 5L, EV 105.6 MPH)
Pitching: RHP Brian Straub
Batting: SHB Erick Hamburger 0-0: Swinging Strike
0-1: Ball
Passed Ball!
Dave Reynoso to third
1-1: Swinging Strike
1-2: Strikes out looking
Bottom of the 7th over - 1 run, 1 hit, 0 errors, 1 left on base; State College 5 - Los Angeles (NYP) 3
TOP OF THE 8TH
State College Spikes batting - Pitching for Los Angeles (NYP) Dodgers : RHP Jeremy Pollom
Now at 2B: Marcos Cortez
Now at 3B: Dave Reynoso
Now in CF: Erick Hamburger
Batting: RHB Edgar Klockow 0-0: Called Strike
0-1: Ball
1-1: Foul Ball, location: 2F
1-2: Strikes out looking
Batting: RHB John James 0-0: Called Strike
0-1: Ball
1-1: Swinging Strike
1-2: Ball
2-2: Ball
3-2: Base on Balls
Pitching: RHP Bobby Altamirano
Batting: RHB Ben Politi 0-0: Ball
1-0: Swinging Strike
1-1: Ball
2-1: Ball
3-1: Swinging Strike
3-2: Strikes out looking
Batting: RHB Mario Carbajal 0-0: Called Strike
0-1: Ball
1-1: Swinging Strike
1-2: Ball
2-2: Foul Ball, location: 2F
2-2: Foul Ball, location: 2F
2-2: Foul Ball, location: 2F
2-2: Foul Ball, location: 2F
2-2: Strikes out swinging
Top of the 8th over - 0 runs, 0 hits, 0 errors, 1 left on base; State College 5 - Los Angeles (NYP) 3
BOTTOM OF THE 8TH
Los Angeles (NYP) Dodgers batting - Pitching for State College Spikes : RHP Brian Straub
Batting: RHB John Clark 0-0: Called Strike
0-1: Ball
1-1: Ball
2-1: Foul Ball, location: 2F
2-2: Strikes out swinging
Batting: RHB Jose Corral 0-0: Called Strike
0-1: Ball
1-1: Called Strike
1-2: Strikes out swinging
Batting: SHB Marcos Cortez 0-0: Ball
1-0: Ball
2-0: Foul Ball, location: 2F
2-1: Swinging Strike
2-2: Ball
3-2: Strikes out swinging
Bottom of the 8th over - 0 runs, 0 hits, 0 errors, 0 left on base; State College 5 - Los Angeles (NYP) 3
TOP OF THE 9TH
State College Spikes batting - Pitching for Los Angeles (NYP) Dodgers : RHP Bobby Altamirano
Batting: RHB Juan Carrillo 0-0: Ball
1-0: Foul Ball, location: 2F
1-1: Fly out, F9 (Flyball, 89M, EV 90.0 MPH)
Batting: RHB Nelson Salamanca 0-0: Ball
1-0: Ball
2-0: Ball
3-0: Called Strike
3-1: Called Strike
3-2: DOUBLE (Line Drive, 9LM, EV 92.5 MPH)
Batting: LHB Ken Morehead 0-0: Intentional Walk
Batting: RHB Shou-feng Chang 0-0: Foul Ball, location: 2F
0-1: Foul Ball, location: 2F
0-2: Ball
1-2: Foul Ball, location: 2F
1-2: SINGLE (Groundball, 6D, EV 95.0 MPH)
Nelson Salamanca to third
Ken Morehead to second
Runner from 3rd tries for Home, throw by CF and OUT! 8-2
Pitching: RHP Ramon Luna
Batting: RHB Sal Guzman 0-0: Foul Ball, location: 2F
0-1: Swinging Strike
0-2: Strikes out swinging
Top of the 9th over - 0 runs, 2 hits, 0 errors, 2 left on base; State College 5 - Los Angeles (NYP) 3
BOTTOM OF THE 9TH
Los Angeles (NYP) Dodgers batting - Pitching for State College Spikes : RHP Brian Straub
Pitching: LHP Ken Compton
Now at 1B: Justin Houser
Batting: RHB Zach Slot 0-0: Called Strike
0-1: Swinging Strike
0-2: Ball
1-2: Ball
2-2: Strikes out swinging
Batting: RHB Edward Hillock 0-0: SOLO HOME RUN (Line Drive, 7D, EV 103.8 MPH), Distance : 393 ft
Batting: RHB Cory Bonham 0-0: Fly out, F9 (Flyball, 9LS, EV 81.2 MPH)
Batting: RHB Geoff Musico 0-0: Ball
1-0: Ball
2-0: Called Strike
2-1: Ball
3-1: Foul Ball, location: 2F
3-2: Ground out 6-3 (Groundball, 6, EV 88.8 MPH)
Bottom of the 9th over - 1 run, 1 hit, 0 errors, 0 left on base; State College 5 - Los Angeles (NYP) 4
Sunday, July 16th , 2023 - OOTP Baseball 24.6 Build 69